 Dungeon Crawl Stone Soup version 0.15.2 (webtiles) character file.

110 theanonym the Slasher (level 4, -1/31 HPs)
             Began as a High Elf Death Knight on Dec 6, 2018.
             Was a Believer of Yredelemnul.
             Slain by Sigmund
             ... wielding a +0 scythe
              (3 damage)
             ... on Level 2 of the Dungeon.
             The game lasted 00:03:59 (2668 turns).

theanonym the Slasher (High Elf Death Knight)       Turns: 2668, Time: 00:03:59

HP  -1/31        AC  8     Str 13      XL: 4   Next: 61%
MP   9/9         EV 10     Int 19      God: Yredelemnul [**....]
Gold 93          SH  0     Dex 20      Spells:  0 memorised,  3 levels left

rFire  . . .     SeeInvis .     a - +1 falchion
rCold  . . .     Clarity  .     i - +0 chain mail
rNeg   . . .     rCorr    .     (no shield)
rPois  .         rRot     .     (no helmet)
rElec  .         Spirit   .     (no cloak)
SustAb .         Warding  .     (no gloves)
rMut   .         Stasis   +     (no boots)
Gourm  .                        k - amulet of stasis
MR     .....                    (no ring)
                                (no ring)

@: brilliant, agile, lethally poisoned, flying, not resistant to hostile
enchantments, extremely unstealthy
A: no striking features
a: Animate Remains, Recall Undead Slaves, Injury Mirror, Renounce Religion


   Skills:
 + Level 3.4 Fighting
 * Level 4.8 Long Blades
 - Level 0.8 Armour
 - Level 1.1 Dodging
 - Level 3.0 Invocations


You had 3 spell levels left.
You didn't know any spells.

Action                   |  1- 3 |  4- 6 || total
-------------------------+-------+-------++-------
Melee: Falchion          |   131 |    30 ||   161
Invok: Animate Remains   |    14 |     1 ||    15
  Use: Scroll            |     1 |     1 ||     2
       Potion            |       |     4 ||     4
 Stab: Sleeping          |     1 |       ||     1
  Eat: Chunk             |     5 |     1 ||     6

Inventory:

Hand weapons
 a - a +1 falchion (weapon)
Armour
 b - a +0 leather armour
 i - a +0 chain mail (worn)
   (You found it on level 2 of the Dungeon)
Comestibles
 c - 3 bread rations
 j - a meat ration
Scrolls
 d - a scroll of remove curse
 g - a scroll of random uselessness {unknown}
 h - a scroll of enchant armour {unknown}
 l - a scroll of blinking
 n - a scroll of magic mapping {unknown}
 o - 2 scrolls of identify {unknown}
Jewellery
 k - an amulet of stasis (around neck)
   (You found it on level 2 of the Dungeon)
Potions
 e - a potion of agility


You were on level 2 of the Dungeon.
You worshipped Yredelemnul.
Yredelemnul was pleased with you.
You were hungry.

You visited 1 branch of the dungeon, and saw 3 of its levels.

You collected 93 gold pieces.

Dungeon Overview and Level Annotations

Branches:
Dungeon (3/15)

Altars:
Dithmenos
Qazlal
Trog
Zin

Annotations:
D:3 Sigmund

#### ###### ...#############
#.....
.#Z............#########
#.####
##############.#...Z.Z.# #.#
## #...######.#.#####.# #.#
.## #..........ZZ# #Z# #.#
#.###...........@#
#.#####.####
.......###.....ZZ#
#.ZZZZZ.....
#.###..<..)......#
#######Z###.
.####...##.......# #Z# #Z
#................# #.# #.
.......####...#..###########Z#
#Z .####..#
##.##.......>......###Z .#
#..# #.###.##########...... .#
#..# #Z# #.##########.#####


You could see a friendly giant gecko zombie, a friendly adder zombie, a friendly
jackal zombie and a friendly goblin zombie.

Notes
Turn   | Place    | Note
--------------------------------------------------------------
     0 | D:1      | theanonym, the High Elf Death Knight, began the quest for the Orb.
     0 | D:1      | Reached XP level 1. HP: 14/14 MP: 3/3
    36 | D:1      | HP: 5/14 [kobold/dagger (3)]
   697 | D:1      | Reached XP level 2. HP: 20/20 MP: 4/4
   715 | D:1      | Reached skill level 3 in Long Blades
  1482 | D:2      | Found a shadowy altar of Dithmenos.
  1517 | D:2      | Reached XP level 3. HP: 18/25 MP: 3/7
  1640 | D:2      | Acquired Yredelemnul's second power
  1831 | D:2      | Reached skill level 4 in Long Blades
  1854 | D:2      | Reached skill level 3 in Fighting
  1868 | D:2      | Found a glowing silver altar of Zin.
  1872 | D:2      | Found a bloodstained altar of Trog.
  2139 | D:2      | Reached XP level 4. HP: 23/31 MP: 9/9
  2264 | D:3      | Noticed Jessica
  2269 | D:3      | Killed Jessica
  2336 | D:3      | Found a stormy altar of Qazlal.
  2562 | D:3      | Noticed Sigmund
  2642 | D:3      | Your ally Jessica died
  2659 | D:3      | HP: 14/31 [something/magic dart (7)]
  2665 | D:2      | HP: 9/31 [something (1)]
  2667 | D:2      | HP: 2/31 [something (4)]
  2668 | D:2      | Slain by Sigmund

Vanquished Creatures
  Jessica (D:3)
  4 adders
  A worm (D:2)
  A giant gecko (D:2)
  7 hobgoblins
  6 jackals
  7 kobolds
  2 quokkas (D:3)
  A ball python (D:2)
  2 bats
  A giant cockroach (D:2)
  6 giant newts
  5 goblins
  5 rats (D:2)
49 creatures vanquished.

Vanquished Creatures (collateral kills)
  An ooze (D:2)
  A bat (D:3)
  A ball python (D:1)
  A giant newt (D:2)
  A kobold (D:2)
5 creatures vanquished.

Vanquished Creatures (others)
  A bat zombie (D:1)
  A hobgoblin zombie (D:2)
  A human zombie (D:3)
  A rat zombie (D:2)
4 creatures vanquished.

Grand Total: 58 creatures vanquished

Table legend:
 A = Turns spent in this place as a percentage of turns spent in the entire game.
 B = Non-inter-level travel turns spent in this place as a percentage of non-inter-level travel turns spent in the entire game.
 C = Inter-level travel turns spent in this place as a percentage of turns spent in this place.
 D = Turns resting spent in this place as a percentage of non-inter-level travel turns spent in this place.
 E = Turns spent auto-exploring this place as a percentage of non-inter-level travel turns spent in this place.
 F = Non-inter-level travel turns spent in this place divided by the number of levels of this place that you've seen.
                   A       B       C       D       E      F
               +-------+-------+-------+-------+-------+----------------------
         Total | 100.0 | 100.0 |   0.3 |   5.4 |  14.2 | 229.3
       Dungeon | 100.0 | 100.0 |   0.3 |   5.4 |  14.2 | 229.3
               +-------+-------+-------+-------+-------+----------------------
